 Dungeon Crawl Stone Soup version 0.29-a0-582-ge82337ba6a (webtiles) character file.

Game seed: 2825482893134391127

2716 croobank the Covert (level 9, -3/74 HPs)
             Began as a Gnoll Delver on June 14, 2022.
             Slain by a yak (8 damage)
             ... on level 7 of the Dungeon.
             The game lasted 00:23:38 (7435 turns).

croobank the Covert (Gnoll Delver)                  Turns: 7435, Time: 00:23:39

Health: -3/74      AC: 14    Str: 13    XL:     9   Next: 66%
Magic:  7/15       EV: 13    Int: 13    God:
Gold:   484        SH:  5    Dex: 13    Spells: 10/16 levels left

rFire   . . .      SeeInvis .   a - +8 trident of the Octopus King {venom, rElec rPois}
rCold   . . .      Faith    .   (no shield)
rNeg    . . .      Spirit   .   n - +4 ring mail
rPois   +          Reflect  +   k - +2 hat
rElec   +          Harm     .   h - +0 cloak
rCorr   .          Rampage  .   B - +0 pair of gloves
Will    .....                   (no boots)
Stlth   ++++......              C - amulet of reflection
HPRegen 0.22/turn               o - ring of poison resistance
MPRegen 0.14/turn               (no ring)

@: freezing walls
A: fangs 1, strong nose, distributed training
a: no special abilities


You were on level 7 of the Dungeon.
You visited 1 branch of the dungeon, and saw 7 of its levels.

You collected 484 gold pieces.

Inventory:

Hand Weapons
 a - the +8 trident of the Octopus King (weapon) {venom, rElec rPois}
   (You found it on level 6 of the Dungeon)

   It poisons the flesh of those it strikes.
   rElec:     It insulates you from electricity.
   rPois:     It protects you from poison.
 b - a +0 hunting sling
 f - a +2 dire flail of holy wrath
 j - a +0 mace
 l - a +2 war axe
 p - a +0 dagger
 D - a +2 spear of venom
 F - a +2 trident of venom
Missiles
 i - 334 stones (quivered)
 I - 2 atropa-tipped darts
Armour
 h - a +0 cloak (worn)
 k - a +2 hat (worn)
 n - a +4 ring mail (worn)
 r - a +0 leather armour
 t - a +0 chain mail
 u - a +2 robe of cold resistance
 A - a +0 scale mail
 B - a +0 pair of gloves (worn)
Magical Staves
 y - a staff of conjuration
Jewellery
 o - a ring of poison resistance (left hand)
 C - an amulet of reflection (around neck)
Wands
 g - a wand of digging (3)
Scrolls
 c - a scroll of fog
 d - 4 scrolls of magic mapping
 e - a scroll of fear
 m - a scroll of vulnerability
 s - 2 scrolls of poison
 z - a scroll of amnesia
 G - a scroll of brand weapon {unknown}
Potions
 q - a potion of flight
 w - 2 potions of cancellation
 x - a potion of curing
 E - a potion of attraction
 H - a potion of brilliance


   Skills:
 + Level 8.0 Fighting
 + Level 4.4 Short Blades
 + Level 4.4 Long Blades
 + Level 6.5 Axes
 + Level 4.4 Maces & Flails
 + Level 4.4 Polearms
 + Level 4.4 Staves
 + Level 4.4 Slings
 + Level 4.4 Bows
 + Level 4.4 Crossbows
 + Level 4.4 Throwing
 + Level 4.4 Armour
 + Level 6.5 Dodging
 + Level 10.6 Stealth
 + Level 4.4 Shields
 + Level 4.4 Unarmed Combat
 + Level 4.4 Spellcasting
 + Level 3.7 Conjurations
 + Level 3.7 Hexes
 + Level 3.7 Summonings
 + Level 3.7 Necromancy
 + Level 3.7 Translocations
 + Level 3.7 Transmutations
 + Level 3.7 Fire Magic
 + Level 3.7 Ice Magic
 + Level 3.7 Air Magic
 + Level 3.7 Earth Magic
 + Level 3.7 Poison Magic
 + Level 4.9 Invocations
 + Level 4.4 Evocations


You had 10 spell levels left.
You knew the following spells:

 Your Spells              Type           Power      Damage    Failure   Level
a - Freeze                Ice            48%        1d7       9%          1
b - Frozen Ramparts       Ice            24%        1d4       26%         3
c - Poisonous Vapours     Pois/Air       24%        N/A       13%         2

Your spell library contained the following spells:

 Spells                   Type           Power      Damage    Failure   Level
 Sting                    Tmut/Pois      48%        1d5       9%          1
 Summon Small Mammal      Summ           48%        N/A       9%          1
 Call Canine Familiar     Summ           12%        N/A       26%         3
 Confusing Touch          Hex            12%        N/A       26%         3
 Summon Guardian Golem    Hex/Summ       12%        N/A       26%         3
 Hailstorm                Conj/Ice       12%        3d5       65%         4
 Olgreb's Toxic Radiance  Pois           12%        N/A       65%         4
 Alistair's Intoxication  Tmut/Pois      8%         N/A       94%         5
 Borgnjor's Vile Clutch   Necr/Erth      6%         N/A       94%         5
 Yara's Violent Unravell  Hex/Tmut       6%         3d5       94%         5
 Eringya's Noxious Bog    Tmut/Pois      6%         N/A       100%        6
 Enfeeble                 Hex            6%         N/A       100%        7


Dungeon Overview and Level Annotations

Branches:
Dungeon (7/15)
 Temple: D:4-7

Altars:
The Shining One

Annotations:
D:7 Menkaure


Innate Abilities, Weirdness & Mutations

You have very sharp teeth.
Your uncanny sense of smell can sniff out nearby items.
Your experience applies equally to all skills.


Message History

Menkaure murmurs in an indecipherable tongue.
The yak gores you!
* * * LOW HITPOINT WARNING * * *
Okay, then.
As you read the scroll of fear, it crumbles to dust.
You assume a fearsome visage.
Menkaure is unaffected.
The yak looks frightened! x2
You kill the yak!
Reach: a) +8 trident of the Octopus King {venom, rElec rPois}
Press: ? - help, Dir - move target, f - yak
Aim: a yak (lightly wounded, about 21% to evade the +8 trident of the Octopus King)
Okay, then.
You feel better. The yak gores you but does no damage.
Reach: a) +8 trident of the Octopus King {venom, rElec rPois}
Press: ? - help, Dir - move target, f - yak
Aim: a yak (lightly wounded, about 21% to evade the +8 trident of the Octopus King)
You puncture the yak!
The yak is poisoned.
You bite the yak, but do no damage.
The yak is heavily wounded.
Menkaure gestures at you while chanting.
Pain shoots through your body!
* * * LOW HITPOINT WARNING * * *
The yak gores you.
* * * LOW HITPOINT WARNING * * *
Cornered, the yak turns to fight!
(D) Dungeon
Where to? (Enter - D:7, ? - help)
Okay, then.
Casting: Frozen Ramparts (dangerous; 26% risk of failure)
Confirm with . or Enter, or press ? or * to list all spells.
Okay, then.
Okay, then.
Okay, then.
Okay, then.
Casting: Frozen Ramparts (dangerous; 26% risk of failure)
Confirm with . or Enter, or press ? or * to list all spells.
Casting: Frozen Ramparts (dangerous; 26% risk of failure)
Press: ? - help, Dir - look around, f - activate The walls around you are covered in ice.
Menkaure resists.
The wall freezes Menkaure.
The wall freezes the yak.
The yak gores you!
You die...

.. #.. #.#### ..#Y.
...⌠ .# #†. .# ####
## #)##.# # #..# #.#
#MY#.# # #..# #.#
##@#.# # #..# ##.##
#.#.# #
#..###...###.#.#
#####..............#
##....##.......#.###
##.###.......†...#
.......#.......###
##.######)....##
#...## ##...##


You could see 2 yaks and Menkaure (fast).

Vanquished Creatures
  Grinder (D:5)
  2 yaks (D:7)
  Edmund (D:5)
  3 water moccasins
  A black bear (D:6)
  An ice beast (D:5)
  2 ogres
  A centaur (D:7)
  A phantom (D:6)
  A bullfrog (D:6)
  Blork the orc (D:5)
  2 necrophages
  2 gnoll sergeants
  3 scorpions
  6 killer bees (D:7)
  A crimson imp (D:6)
  An orc priest (D:4)
  7 iguanas
  Jessica (D:3)
  An orc wizard (D:4)
  11 gnolls
  3 adders (D:6)
  2 white imps
  An ufetubus (D:5)
  6 worms
  3 dart slugs
  7 orcs
  5 endoplasms
  3 giant cockroaches
  5 goblins
  9 hobgoblins
  2 jackals (D:4)
  6 kobolds
  2 quokkas
  6 ball pythons
  4 bats
  3 frilled lizards
  2 goblin skeletons (D:6)
  2 goblin zombies (D:6)
  2 kobold zombies (D:6)
  An orc skeleton (D:6)
  5 rats
129 creatures vanquished.

Notes
Turn   | Place    | Note
-------+----------+-------------------------------------------
     0 | D:5      | Reached skill level 9 in Stealth
     0 | D:5      | croobank the Gnoll Delver began the quest for the Orb.
     0 | D:5      | Reached XP level 1. HP: 23/23 MP: 1/1
    55 | D:5      | Noticed Edmund
   233 | D:3      | Reached XP level 2. HP: 29/29 MP: 2/2
   813 | D:3      | Reached XP level 3. HP: 35/35 MP: 2/4
   817 | D:3      | Reached skill level 1 in Invocations
   953 | D:3      | Reached skill level 1 in Short Blades
   953 | D:3      | Reached skill level 1 in Long Blades
   953 | D:3      | Reached skill level 1 in Maces & Flails
   953 | D:3      | Reached skill level 1 in Polearms
   953 | D:3      | Reached skill level 1 in Staves
   953 | D:3      | Reached skill level 1 in Slings
   953 | D:3      | Reached skill level 1 in Bows
   953 | D:3      | Reached skill level 1 in Crossbows
   953 | D:3      | Reached skill level 1 in Throwing
   953 | D:3      | Reached skill level 1 in Armour
   953 | D:3      | Reached skill level 1 in Shields
   953 | D:3      | Reached skill level 1 in Unarmed Combat
   953 | D:3      | Reached skill level 1 in Spellcasting
   953 | D:3      | Reached skill level 1 in Evocations
  1087 | D:2      | Found a faded altar of an unknown god.
  1158 | D:2      | Reached XP level 4. HP: 39/41 MP: 5/5
  1186 | D:2      | Learned a level 1 spell: Freeze
  1190 | D:2      | Learned a level 3 spell: Frozen Ramparts
  2751 | D:3      | Noticed Jessica
  2755 | D:3      | Killed Jessica
  2756 | D:3      | Reached skill level 1 in Conjurations
  2756 | D:3      | Reached skill level 1 in Hexes
  2756 | D:3      | Reached skill level 1 in Summonings
  2756 | D:3      | Reached skill level 1 in Necromancy
  2756 | D:3      | Reached skill level 1 in Translocations
  2756 | D:3      | Reached skill level 1 in Transmutations
  2756 | D:3      | Reached skill level 1 in Fire Magic
  2756 | D:3      | Reached skill level 1 in Ice Magic
  2756 | D:3      | Reached skill level 1 in Air Magic
  2756 | D:3      | Reached skill level 1 in Earth Magic
  2756 | D:3      | Reached skill level 1 in Poison Magic
  2884 | D:3      | Reached XP level 5. HP: 47/47 MP: 6/6
  3452 | D:4      | Reached XP level 6. HP: 39/53 MP: 8/8
  4102 | D:4      | Reached skill level 5 in Axes
  4102 | D:4      | Reached skill level 5 in Dodging
  4449 | D:5      | Noticed a water moccasin
  4468 | D:5      | Killed a water moccasin
  4469 | D:5      | Reached XP level 7. HP: 44/60 MP: 10/10
  4698 | D:5      | Noticed Grinder
  4711 | D:5      | Paralysed by Grinder for 3 turns
  4734 | D:5      | Killed Grinder
  4735 | D:5      | Reached skill level 10 in Stealth
  4743 | D:5      | Killed Edmund
  4744 | D:5      | Reached XP level 8. HP: 40/67 MP: 10/12
  6111 | D:5      | Noticed Blork the orc
  6121 | D:5      | Killed Blork the orc
  6254 | D:6      | Found the +8 trident of the Octopus King {venom, rElec
                  | rPois}
  6340 | D:6      | Found a glowing golden altar of the Shining One.
  6463 | D:6      | Reached XP level 9. HP: 70/73 MP: 14/14
  7367 | D:7      | Learned a level 2 spell: Poisonous Vapours
  7426 | D:7      | Noticed Menkaure
  7435 | D:7      | Slain by a yak

Illustrated notes

Levels and vault maps discovered:
D:1:      evilmike_arrival_rings, layout_loops_corners,
          chequers_serial_rivers_marsh
D:2:      layout_basic, ebering_ecumenical_altar_petrified,
          chequers_serial_rivers_micro_a
D:3:      layout_rooms, uniq_jessica
D:4:      layout_cave_pods
D:5:      layout_layer_cave, uniq_edmund, uniq_grinder, uniq_blork_the_orc
D:6:      layout_loops_corners, nicolae_tso_besieged_by_evil
D:7:      layout_loops_ring, minmay_temple_entry_nine_rooms,
          minmay_misc_feat_five, minivault_24, uniq_menkaure

Skill      XL: |  1  2  3  4  5  6  7  8  9 |
---------------+----------------------------+-----
Stealth        | 10 | 10.6
Invocations    | 1 2 3 4 |  4.9
Short Blades   | 1 2 3 4 |  4.4
Long Blades    | 1 2 3 4 |  4.4
Maces & Flails | 1 2 3 4 |  4.4
Polearms       | 1 2 3 4 |  4.4
Staves         | 1 2 3 4 |  4.4
Slings         | 1 2 3 4 |  4.4
Bows           | 1 2 3 4 |  4.4
Crossbows      | 1 2 3 4 |  4.4
Throwing       | 1 2 3 4 |  4.4
Armour         | 1 2 3 4 |  4.4
Shields        | 1 2 3 4 |  4.4
Unarmed Combat | 1 2 3 4 |  4.4
Spellcasting   | 1 2 3 4 |  4.4
Evocations     | 1 2 3 4 |  4.4
Conjurations   | 1 2 3 |  3.7
Hexes          | 1 2 3 |  3.7
Summonings     | 1 2 3 |  3.7
Necromancy     | 1 2 3 |  3.7
Translocations | 1 2 3 |  3.7
Transmutations | 1 2 3 |  3.7
Fire Magic     | 1 2 3 |  3.7
Ice Magic      | 1 2 3 |  3.7
Air Magic      | 1 2 3 |  3.7
Earth Magic    | 1 2 3 |  3.7
Poison Magic   | 1 2 3 |  3.7
Axes           | 5 6 |  6.5
Dodging        | 5 6 |  6.5
Fighting       | 7 8 |  8.0

Action                   |  1- 3 |  4- 6 |  7- 9 || total
-------------------------+-------+-------+-------++-------
Melee: Hand axe          |    17 |       |       ||    17
       Trident           |    51 |       |    99 ||   150
       Bite              |     6 |    22 |    22 ||    50
       Dagger            |       |    72 |    14 ||    86
       Punch             |       |     3 |     4 ||     7
       War axe           |       |    90 |    59 ||   149
       Dire flail        |       |       |    20 ||    20
 Cast: Freeze            |       |     3 |     2 ||     5
       Poisonous Vapours |       |       |     2 ||     2
       Frozen Ramparts   |       |       |     2 ||     2
  Use: Scroll            |     2 |    12 |     8 ||    22
       Potion            |       |     1 |     3 ||     4
 Stab: Sleeping          |     1 |    21 |     9 ||    31
Armor: Leather armour    |     5 |       |       ||     5
       Ring mail         |    18 |    61 |    60 ||   139
Dodge: Dodged            |    31 |   110 |    91 ||   232
Block: Other             |       |       |    18 ||    18

Table legend: (Time is in decaauts)
 A = Elapsed time spent in this place.
 B = Non-inter-level travel time spent in this place.
 C = Inter-level travel time spent in this place.
 D = Time resting spent in this place.
 E = Time spent auto-exploring this place.
 F = Levels seen in this place.
 G = Mean time per level.
                   A        B        C        D        E       F      G
               +--------+--------+--------+--------+--------+-----+--------+
         Total |   7490 |   7328 |    162 |   1135 |   4562 |   7 | 1070.0 |
       Dungeon |   7490 |   7328 |    162 |   1135 |   4562 |   7 | 1070.0 |
               +--------+--------+--------+--------+--------+-----+--------+

Top non-repeatable levels by time:
     D:5: 2004 daAuts
     D:4: 1926 daAuts
     D:1: 1051 daAuts
     D:6: 989 daAuts
     D:2: 727 daAuts
     D:3: 589 daAuts
     D:7: 202 daAuts
